 Dungeon Crawl Stone Soup version 0.19.0-19-g8c6edcc (webtiles) character file.

471 inmateoo the Cudgeler (level 7, -9/41 HPs)
             Began as a Gargoyle Wanderer on Nov 13, 2016.
             Mangled by a hill giant
             ... wielding a +0 giant club
              (20 damage)
             ... on level 4 of the Dungeon.
             The game lasted 00:07:37 (4566 turns).

inmateoo the Cudgeler (Gargoyle Wanderer)           Turns: 4566, Time: 00:07:37

Health: -9/41      AC: 14    Str: 21    XL:     7   Next: 9%
Magic:  7/7        EV: 15    Int: 10    God:
Gold:   252        SH:  0    Dex: 13    Spells: 0 memorised, 6 levels left

rFire  . . .     SeeInvis .     w - +2 flail (protect)
rCold  . . .     Gourm    .     a - +2 scale mail
rNeg   + . .     Faith    .     (no shield)
rPois  ∞         Spirit   .     (no helmet)
rElec  +         Reflect  .     (no cloak)
rCorr  .         Harm     .     (no gloves)
MR     .....                    (no boots)
Stlth  +.........               r - amulet of rage
                                (no ring)
                                s - +1 ring of protection

@: agile, drained
A: negative energy resistance 1, electricity resistance, unbreathing,
petrification resistance, rot immunity, AC +4
a: Evoke Berserk Rage


You were on level 4 of the Dungeon.
You were not hungry.

You visited 1 branch of the dungeon, and saw 5 of its levels.

You collected 252 gold pieces.

Inventory:

Hand Weapons
 c - a +0 hand crossbow
 e - a +1 mace
 w - a +2 flail of protection (weapon)
Missiles
 x - 4 bolts
Armour
 a - a +2 scale mail (worn)
Jewellery
 r - an amulet of rage (around neck)
 s - a +1 ring of protection (left hand)
Wands
 h - a wand of polymorph (8/24)
 p - a wand of polymorph (15/24)
 u - a wand of polymorph (12/24)
Scrolls
 b - a scroll of fear {unknown}
 d - a scroll of blinking
 q - 2 scrolls of magic mapping
 t - 2 scrolls of remove curse
Potions
 i - a potion of curing
 l - a potion of magic
 m - 2 potions of ambrosia
 n - a potion of brilliance
 z - a potion of invisibility {unknown}
Comestibles
 f - 2 bread rations
 g - a beef jerky
 j - 4 fruits
 k - a slice of pizza
 o - a meat ration


   Skills:
 + Level 3.3(2.8) Fighting
 * Level 6.2(5.7) Maces & Flails
 - Level 1.0(0.5) Crossbows
 + Level 2.5(2.0) Armour
 - Level 2.4(1.9) Dodging
 - Level 2.1(1.7) Stealth
 - Level 1.0(0.5) Evocations


You had 6 spell levels left.
You didn't know any spells.

Dungeon Overview and Level Annotations

Branches:
Dungeon (5/15)
 Temple: D:4-7

Altars:
Ashenzari
Dithmenos

Annotations:
D:3 Vajrapani's ghost, amateur MiHu


Innate Abilities, Weirdness & Mutations

You are resistant to torment.
Your stone body is resilient. (AC +4)
You are immune to poison.
You resist negative energy. (rN+)
You are resistant to electric shocks. (rElec)
You can survive without breathing.
You are immune to petrification.
You are immune to rotting.


Message History

A worker ant comes into view.
The worker ant twitches its antennae in your direction.
You sock the worker ant!
You kill the worker ant!
You see here a worker ant corpse.
You feel agile all of a sudden.
The hill giant hits you with a giant club!
You sock the hill giant!
Your weapon exudes an aura of protection.
The hill giant is lightly wounded.
The hill giant hits you with a giant club!
* * * LOW HITPOINT WARNING * * *
The worker ant waves its antennae.
You see here an orc corpse.
There is a stone staircase leading up here.
The hill giant closely misses you.
You climb upwards.
There is a stone staircase leading down here.
The hill giant hits you with a giant club!!
You die...

#.# ####### #.# ##.....#
#.# ##..#'''# #.#
####..##...#####.#######
#....##.....##.........#
#.####...>...#.).#####.#
# # #.# #.).....##..#
#.#### ##
#.####..>C@..#...# #.....
.# #.##.##.....###..#
#.#### .# #.##.###...##
#..#####.# # .#
##.##.####### #........#
# .#
#...........####..#######
# .# #.................##
# .#
#.###.##.#######...## ##
.# #.# #.##.# ##.....##
#. .# #.# #.#..#
##......[## ##.


You could see a hill giant.

Vanquished Creatures
  A crimson imp (D:5)
  A hound (D:4)
  An orc priest (D:4)
  An iguana (D:5)
  Natasha (thrice) (D:2)
  An orc wizard (D:4)
  2 worker ants
  8 adders
  2 oozes
  An adder skeleton (D:4)
  3 worms
  3 dart slugs
  3 leopard geckos
  11 orcs
  8 giant cockroaches
  8 goblins
  6 hobgoblins
  7 jackals
  5 quokkas
  8 bats
  A frilled lizard (D:1)
  9 kobolds
  4 rats
97 creatures vanquished.

Notes
Turn   | Place    | Note
-------+----------+-------------------------------------------
     0 | D:1      | inmateoo the Gargoyle Wanderer began the quest for the Orb.
     0 | D:1      | inmateoo set off with: a +2 scale mail, a +0 spear, a +0 hand crossbow, 22 bolts, a +0 dagger, a bread ration
     0 | D:1      | Reached XP level 1. HP: 12/12 MP: 1/1
    64 | D:1      | Reached skill level 1 in Maces & Flails
   110 | D:1      | Found a shattered altar of Ashenzari.
   157 | D:1      | Reached XP level 2. HP: 17/17 MP: 2/2
   352 | D:1      | Reached skill level 2 in Maces & Flails
   463 | D:1      | Reached XP level 3. HP: 21/21 MP: 3/3
   816 | D:2      | Reached skill level 3 in Maces & Flails
   838 | D:2      | Noticed Natasha
   842 | D:2      | Killed Natasha
   842 | D:2      | Reached XP level 4. HP: 26/26 MP: 4/4
   879 | D:2      | Noticed Natasha
   887 | D:2      | HP: 1/26 [Natasha (6)]
   890 | D:2      | Killed Natasha
   890 | D:2      | Reached skill level 4 in Maces & Flails
  1251 | D:2      | Reached XP level 5. HP: 27/30 MP: 5/5
  1483 | D:2      | Noticed Natasha
  1486 | D:2      | Killed Natasha
  1609 | D:2      | Reached skill level 5 in Maces & Flails
  1805 | D:3      | Noticed Vajrapani's ghost (amateur MiHu)
  2321 | D:4      | Reached XP level 6. HP: 34/36 MP: 6/6
  2680 | D:3      | Noticed Terence
  2694 | D:3      | Noticed Terence
  2694 | D:3      | Terence changed into Terence the quokka
  2695 | D:3      | Killed Terence the quokka
  3463 | D:3      | Found a shadowy altar of Dithmenos.
  4004 | D:5      | Entered Level 5 of the Dungeon
  4141 | D:4      | Reached skill level 6 in Maces & Flails
  4493 | D:5      | Reached XP level 7. HP: 41/41 MP: 7/7
  4531 | D:5      | Noticed a hill giant
  4566 | D:4      | Mangled by a hill giant

Skill      XL: |  1  2  3  4  5  6 |
---------------+-------------------+-----
Maces & Flails | 1 2 3 4 5 6 |  6.2
Armour         | 2 |  2.5
Fighting       | 3 |  3.3
Crossbows      | |  1.0
Dodging        | |  2.4
Stealth        | |  2.1
Evocations     | |  1.0

Action                   |  1- 3 |  4- 6 |  7- 9 || total
-------------------------+-------+-------+-------++-------
Melee: Mace              |       |   202 |       ||   202
       Flail             |       |     9 |     7 ||    16
 Fire: Hand crossbow     |    71 |    84 |       ||   155
Evoke: Wand              |       |     1 |       ||     1
  Use: Scroll            |     1 |     9 |       ||    10
       Potion            |       |     5 |     1 ||     6
  Eat: Chunk             |       |    11 |     1 ||    12
Armor: Scale mail        |    17 |   148 |     1 ||   166
       Skin              |       |    12 |       ||    12
Dodge: Dodged            |    18 |   139 |     4 ||   161
